 Dungeon Sprint DCSS version 0.31-a0-846-gb3bcc0d938 (webtiles) character file.

Game seed: 10469102444716090179

2695 sircluck the Grappler (level 9, -10/105 HPs)
             Began as a Troll Berserker on Oct 3, 2023.
             Was a High Priest of Trog.
             Mangled by a spriggan druid
             ... wielding a +0 spectral quarterstaff
              (16 damage)
             ... in the Dungeon (Sprint IV: "Fedhas' Mad Dash").
             The game lasted 00:02:32 (909 turns).

sircluck the Grappler (Troll Berserker)              Turns: 909, Time: 00:02:33

Health: -10/105    AC:  4    Str: 31    XL:     9   Next: 38%
Magic:  8/8        EV: 12    Int:  3    God:    Trog [*****.]
Gold:   181        SH:  0    Dex:  9    Spells: 8/8 levels left

rFire   . .          .
                       - Unarmed
rCold   . . .        (no shield)
rNeg    . . .        a - +0 animal skin
rPois   .            (helmet restricted)
rElec   .            k - scarf {shadows}
rCorr   .            (gloves unavailable)
SInv    .            (boots unavailable)
Will    .....        (no amulet)
Stlth   +            (no ring)
HPRegen 1.17/turn    (no ring)
MPRegen 0.11/turn

%: no teleportation
@: no status effects
A: large, unfitting armour, claws 3, regeneration 1, shaggy fur 1, tough skin 1
a: Renounce Religion, Berserk, Trog's Hand, Brothers in Arms


You were in the Dungeon.
You worshipped Trog.
Trog was extremely pleased with you.
You visited 1 branch You collected 181 gold pieces.

Inventory:

Missiles
 l - a stone
 m - 3 curare-tipped darts
Armour
 a - a +0 animal skin (worn)
 k - a scarf of shadows (worn)
Jewellery
 j - the amulet of invisibility {+Inv}
   (You found it in the Dungeon)

   [amulet of nothing]

   +Inv:      It lets you turn invisible.
 o - an amulet of magic regeneration
Scrolls
 g - a scroll of blinking
 i - a scroll of acquirement {unknown}
 n - a scroll of fog {unknown}
Potions
 b - a potion of curing
 c - 2 potions of heal wounds
 d - a potion of haste
 e - 2 potions of magic
 f - a potion of berserk rage
 h - a potion of brilliance {unknown}


   Skills:
 + Level 11.1 Fighting
 + Level 11.0 Dodging
 + Level 12.9 Unarmed Combat


You had 8 spell levels left.
You didn't know any spells.
Your spell library was empty.

Dungeon Overview and Level Annotations

Branches:
Dungeon (1/1)

Altars:
Cheibriados
Dithmenos
Elyvilon
Gozag
Hepliaklqana
Kikubaaqudgha
Makhleb
Nemelex Xobeh
Okawaru
Qazlal
Ru
Sif Muna
Trog
Uskayaw
Vehumet
Wu Jian
Xom
Yredelemnul
Zin
The Shining One
Jiyva
Lugonu

Shops:
D [?[*


Innate Abilities, Weirdness & Mutations

You are too large for most types of armour.
You have claws for hands.
Your natural rate of healing is unusually fast.
You are covered in fur. (AC +1)
You have tough skin. (AC +1)


Message History

You are no longer corroded.
You start resting.
HP restored.
You open the door.
Found a potion of heal wounds.
There is an open door here.
c - 2 potions of heal wounds (gained 1)
Found 14 gold pieces.
Found 9 gold pieces.
A spriggan druid comes into view.
It is wielding a +0 spectral quarterstaff.
The spriggan druid shouts!
The spriggan druid barely misses you. The +0 spectral quarterstaff hits you.
A +0 spectral quarterstaff comes into view.
You see here 10 gold pieces.
You miss the spriggan druid.
The +0 spectral quarterstaff hits you! x2
The spriggan druid calls out to the beasts of the wild!
You barely miss the spriggan druid.
The +0 spectral quarterstaff disappears.
The spriggan druid hits you with a +0 spectral quarterstaff.
The +0 spectral quarterstaff misses you.
A +0 spectral quarterstaff comes into view.
You scratch the spriggan druid.
The spriggan druid is lightly wounded.
The +0 spectral quarterstaff hits you!
You mangle the spriggan druid!!
The spriggan druid is severely wounded.
The spriggan druid closely misses you. The +0 spectral quarterstaff hits you!
You miss the spriggan druid.
The spriggan druid is severely wounded.
The +0 spectral quarterstaff hits you!
The spriggan druid hits you with a +0 spectral quarterstaff!
* * * LOW HITPOINT WARNING * * *
The +0 spectral quarterstaff hits you!
* * * LOW HITPOINT WARNING * * *
You closely miss the spriggan druid.
The spriggan druid is severely wounded.
The +0 spectral quarterstaff hits you!
* * * LOW HITPOINT WARNING * * *
The spriggan druid hits you with a +0 spectral quarterstaff!
You die...

...'.#...'.._._._._._..'.)#...#..
...#.#...#..._._._._...#..###'##.
#######'##.._._._._._..#.[##∩∩.'.
.....'...#._._._._._.⌠.##########
.....#...###############
.♣..######♣♣♣♣♣..♣$#
######..'......♣..♣#
'.......#♣..♣♣♣.♣i.#
#)......#.♣♣..♣.@(♣
###################


You could see a spriggan druid and a +0 spectral quarterstaff.

Vanquished Creatures
  2 oklob plants (D)
  3 burning bushes (D)
  A queen bee (D)
  3 wandering mushrooms (D)
  3 scorpions (D)
  4 killer bees (D)
  5 oklob saplings (D)
  2 spriggans (D)
  A river rat (D)
  A rat (D)
25 creatures vanquished.

Notes
Turn   | Place    | Note
-------+----------+-------------------------------------------
     0 | D        | sircluck the Troll Berserker began the quest for the Orb.
     0 | D        | Reached XP level 1. HP: 22/22 MP: 0/0
    15 | D        | Reached XP level 2. HP: 31/31 MP: 1/1
    24 | D        | Noticed an oklob sapling
    29 | D        | Killed an oklob sapling
    29 | D        | Reached ** piety under Trog
    30 | D        | Reached skill level 4 in Unarmed Combat
    30 | D        | Reached XP level 3. HP: 33/39 MP: 2/2
    37 | D        | Noticed a scorpion
    37 | D        | Found the amulet of invisibility {+Inv}
    44 | D        | Killed a scorpion
    45 | D        | Reached skill level 5 in Unarmed Combat
    45 | D        | Reached XP level 4. HP: 28/49 MP: 3/3
   101 | D        | Reached skill level 5 in Fighting
   101 | D        | Reached skill level 5 in Dodging
   101 | D        | Reached skill level 6 in Unarmed Combat
   122 | D        | Noticed a queen bee
   131 | D        | Reached XP level 5. HP: 59/59 MP: 4/4
   133 | D        | Reached *** piety under Trog
   134 | D        | Reached skill level 7 in Unarmed Combat
   147 | D        | Killed a queen bee
   148 | D        | Reached skill level 8 in Unarmed Combat
   148 | D        | Reached XP level 6. HP: 19/71 MP: 5/5
   150 | D        | Reached skill level 9 in Unarmed Combat
   207 | D        | Noticed an oklob plant
   214 | D        | Killed an oklob plant
   214 | D        | Reached **** piety under Trog
   215 | D        | Reached skill level 10 in Unarmed Combat
   215 | D        | Reached XP level 7. HP: 37/81 MP: 6/6
   263 | D        | Noticed a burning bush
   265 | D        | Identified the staff "Grim" {rPois Will++ Poison}
   268 | D        | Killed a burning bush
   269 | D        | Reached XP level 8. HP: 87/92 MP: 7/7
   293 | D        | Found an opulent altar of Gozag.
   293 | D        | Found a hazy altar of Hepliaklqana.
   293 | D        | Found a burning altar of Makhleb.
   293 | D        | Found a sacrificial altar of Ru.
   293 | D        | Found a shimmering blue altar of Sif Muna.
   293 | D        | Found a shimmering altar of Xom.
   294 | D        | Found a sparkling altar of Nemelex Xobeh.
   294 | D        | Found a snail-covered altar of Cheibriados.
   294 | D        | Found an ornate altar of the Wu Jian Council.
   294 | D        | Found a basalt altar of Yredelemnul.
   295 | D        | Found a viscous altar of Jiyva.
   295 | D        | Found a bloodstained altar of Trog.
   296 | D        | Found an iron altar of Okawaru.
   296 | D        | Found a shadowy altar of Dithmenos.
   296 | D        | Found a glowing silver altar of Zin.
   297 | D        | Found an ancient bone altar of Kikubaaqudgha.
   297 | D        | Found a hide-covered altar of Uskayaw.
   298 | D        | Found a stormy altar of Qazlal.
   298 | D        | Found a white marble altar of Elyvilon.
   298 | D        | Found a glowing golden altar of the Shining One.
   299 | D        | Found a corrupted altar of Lugonu.
   299 | D        | Found a radiant altar of Vehumet.
   356 | D        | Reached ***** piety under Trog
   357 | D        | Reached skill level 11 in Unarmed Combat
   368 | D        | Found Enagg's Magic Scroll Shop.
   368 | D        | Found Kugagaro's Armour Emporium.
   375 | D        | Noticed a burning bush
   375 | D        | Noticed a wandering mushroom
   496 | D        | Noticed a wandering mushroom
   628 | D        | Killed a wandering mushroom
   642 | D        | Reached skill level 10 in Fighting
   645 | D        | Killed a burning bush
   646 | D        | Reached skill level 10 in Dodging
   652 | D        | Found Ebito Xom's General Store.
   652 | D        | Found Jairegh's Armour Shoppe.
   698 | D        | Noticed a burning bush
   698 | D        | Noticed an oklob plant
   735 | D        | Noticed a wandering mushroom
   742 | D        | Killed a burning bush
   742 | D        | Received a gift from Trog
   743 | D        | Reached skill level 12 in Unarmed Combat
   743 | D        | Reached XP level 9. HP: 55/102 MP: 8/8
   810 | D        | Killed a wandering mushroom
   828 | D        | Killed an oklob plant
   903 | D        | Noticed a spriggan druid
   909 | D        | Mangled by a spriggan druid

Illustrated notes

Levels and vault maps discovered:
D:        dungeon_sprint_fedhas [sprint_temple]

Skill      XL: |  1  2  3  4  5  6  7  8  9 |
---------------+----------------------------+-----
Fighting       | 3 4 5 7 8 9 10 11 | 11.1
Dodging        | 3 4 5 7 8 9 10 11 | 11.0
Unarmed Combat | 4 5 6 8 10 12 | 12.9

Action                     |  1- 3 |  4- 6 |  7- 9 || total
---------------------------+-------+-------+-------++-------
  Melee: Unarmed           |    23 |    24 |    47 ||    94
         Punch             |       |       |     3 ||     3
 Invoke: Berserk           |       |     1 |       ||     1
 Armour: Animal skin       |    15 |    15 |    34 ||    64
  Dodge: Dodged            |    11 |    11 |    12 ||    34

Table legend: (Time is in decaauts)
 A = Elapsed time spent in this place.
 B = Non-inter-level travel time spent in this place.
 C = Inter-level travel time spent in this place.
 D = Time resting spent in this place.
 E = Time spent auto-exploring this place.
 F = Levels seen in this place.
 G = Mean time per level.
                   A        B        C        D        E       F      G
               +--------+--------+--------+--------+--------+-----+--------+
         Total |    902 |    898 |      4 |    496 |     96 |   1 |  902.0 |
       Dungeon |    902 |    898 |      4 |    496 |     96 |   1 |  902.0 |
               +--------+--------+--------+--------+--------+-----+--------+

Top non-repeatable levels by time:
       D: 902 daAuts
